 Dungeon Crawl Stone Soup version 0.26.0-41-g79a4fc7684 (webtiles) character file.

Game seed: 5713397865444311116

104 rel the Insei (level 4, -5/29 HPs)
             Began as an Octopode Transmuter on Jan 26, 2021.
             Slain by an ogre
             ... wielding a +0 giant spiked club
              (20 damage)
             ... on level 4 of the Dungeon on Jan 27, 2021.
             The game lasted 00:10:43 (3269 turns).

rel the Insei (Octopode Transmuter)                 Turns: 3269, Time: 00:10:44

Health: -5/29      AC:  1    Str: 16    XL:     4   Next: 80%
Magic:  7/7        EV: 14    Int: 15    God:
Gold:   202        SH:  0    Dex: 12    Spells: 7/8 levels left

rFire    . . .     SeeInvis .     - Unarmed
rCold    . . .     Faith    .   (no shield)
rNeg     . . .     Spirit   .   (helmet restricted)
rPois    .         Reflect  .   (no amulet)
rElec    .         Harm     .   f - +6 ring of strength
rCorr    .         Rampage  .   (no ring)
Will     .....                  (no ring)
Stlth    +++.......             (no ring)
HPRegen  0.09/turn              (no ring)
MPRegen  0.10/turn              (no ring)
                                (no ring)
                                (no ring)

@: no status effects
A: almost no armour, stealthy swim, amphibious, 8 rings, constrict 8, camouflage
1, gelatinous body 1
a: no special abilities


You were on level 4 of the Dungeon.
You visited 1 branch of the dungeon, and saw 4 of its levels.

You collected 202 gold pieces.

Inventory:

Jewellery
 f - a +6 ring of strength (left tentacle)
Scrolls
 a - a scroll of enchant armour {unknown}
 d - 3 scrolls of identify
 e - a scroll of immolation {unknown}
 g - a scroll of enchant weapon
 k - a scroll of fog {unknown}
Potions
 b - a potion of berserk rage {unknown}
 c - a potion of cancellation
 h - a potion of flight {unknown}
 i - a potion of ambrosia {unknown}
 j - 2 potions of heal wounds {unknown}


   Skills:
 * Level 1.8 Fighting
 + Level 2.6 Dodging
 + Level 1.4 Stealth
 + Level 4.0 Unarmed Combat
 + Level 2.5 Spellcasting
 + Level 2.2 Transmutations


You had 7 spell levels left.
You knew the following spells:

 Your Spells              Type           Power        Failure   Level
a - Beastly Appendage     Tmut           16%          9%          1

Your spell library contained the following spells:

 Spells                   Type           Power        Failure   Level
 Wereblood                Tmut           8%           13%         2
 Spider Form              Tmut/Pois      2%           38%         3
 Ice Form                 Ice/Tmut       5%           80%         4
 Blade Hands              Tmut           4%           93%         5


Dungeon Overview and Level Annotations

Branches:
Dungeon (4/15)
 Temple: D:4-7

Altars:
Okawaru
Qazlal


Innate Abilities, Weirdness & Mutations

You cannot wear most types of armour.
You are very stealthy in the water. (Stealth+)
You are amphibious.
You can wear up to eight rings at the same time.
You can use your tentacles to constrict eight enemies at once.
Your skin changes colour to match your surroundings (Stealth+).
Your rubbery body absorbs attacks. (AC +1, EV +1)


Message History

You constrict the worm. The worm misses you.
You bludgeon the worm!
You kill the worm!
Done exploring.
Done exploring.
Done exploring.
There is a stone staircase leading down here.
You climb downwards. 2 orcs, an orc priest, 2 orc wizards and an ogre come into view.
The orc wizard shouts!
The ogre shouts!
The orc shouts!
The orc wizard shouts!
The orc priest shouts!
Found a stone staircase leading down.
There is a stone staircase leading up here.
The orc priest mumbles some strange prayers to Beogh against you.
Beogh smites you!
Ouch! That really hurt!
It was a potion of cancellation.
You feel magically purged.
The ogre hits you with a +0 giant spiked club!!
Ouch! That really hurt!
You die...

##.# . ##.#.##
.. ##.....###
..####.o......
..........##
#......>..##
#o.o.......
#.Oo...#
#@#....#
#.##.#.# #.#
## # #.# ..#
... ###


You could see an ogre, an orc priest, an orc wizard and 2 orcs.

Vanquished Creatures
  Jessica (D:3)
  2 adders
  A worm (D:3)
  2 dart slugs
  An orc (D:3)
  7 goblins
  7 hobgoblins
  5 jackals (D:1)
  3 quokkas (D:3)
  6 bats
  2 frilled lizards (D:1)
  8 kobolds
  8 rats
53 creatures vanquished.

Notes
Turn   | Place    | Note
-------+----------+-------------------------------------------
     0 | D:1      | rel the Octopode Transmuter began the quest for the Orb.
     0 | D:1      | Reached XP level 1. HP: 13/13 MP: 3/3
   470 | D:1      | Reached XP level 2. HP: 18/18 MP: 5/5
   654 | D:1      | Found an iron altar of Okawaru.
  1073 | D:1      | Reached XP level 3. HP: 23/23 MP: 6/6
  1877 | D:2      | Found a stormy altar of Qazlal.
  2122 | D:2      | You fall into a shaft and drop 1 floor!
  2376 | D:3      | Reached XP level 4. HP: 28/28 MP: 7/7
  2614 | D:3      | Noticed Jessica
  2633 | D:3      | Killed Jessica
  2634 | D:3      | Reached skill level 1 in Stealth
  2634 | D:3      | Reached skill level 4 in Unarmed Combat
  3266 | D:4      | Noticed an ogre
  3269 | D:4      | Slain by an ogre

Illustrated notes

Levels and vault maps discovered:
D:1:      dpeg_arrival_tiny_g, layout_basic, okawaru_ov_weapons_minmay
D:2:      layout_rooms, kennysheep_slug_shrine, grunt_qazlal_clouds
D:3:      layout_basic, kennysheep_jessica_study
D:4:      layout_loops_ring, old_standard_altar, corner_web_ring

Skill      XL: |  1  2  3  4 |
---------------+-------------+-----
Stealth        | 1 |  1.4
Unarmed Combat | 4 |  4.0
Fighting       | |  1.8
Dodging        | |  2.6
Spellcasting   | |  2.5
Transmutations | |  2.2

Action                   |  1- 3 |  4- 6 || total
-------------------------+-------+-------++-------
Melee: Unarmed           |    88 |    42 ||   130
       Constrict         |    23 |     9 ||    32
       Tentacles         |     9 |     6 ||    15
       Kick              |     3 |     4 ||     7
       Punch             |       |     2 ||     2
 Cast: Beastly Appendage |     5 |     3 ||     8
  Use: Scroll            |     6 |     1 ||     7
       Potion            |       |     1 ||     1
 Stab: Sleeping          |     4 |     1 ||     5
Armor: Skin              |     9 |     7 ||    16
Dodge: Dodged            |    56 |    35 ||    91
